 Dungeon Crawl Stone Soup version 0.29-a0-813-g4a14ea37d6 (webtiles) character file.

Game seed: 5576578686316151045

11 LynnLen the Sneak (level 2, -1/15 HPs)
             Began as a Vampire Enchanter on July 5, 2022.
             Slain by a necrophage (4 damage)
             ... on level 2 of the Dungeon.
             The game lasted 00:05:04 (1048 turns).

LynnLen the Sneak (Vampire Enchanter)               Turns: 1048, Time: 00:05:04

Health: -1/15      AC:  3    Str:  7    XL:     2   Next: 13%
Magic:  5/5        EV: 11    Int: 17    God:
Gold:   45         SH:  0    Dex: 14    Spells: 5/5 levels left

rFire   . . .      SeeInvis +   a - +1 dagger (freeze)
rCold   + + .      Faith    .   (no shield)
rNeg    + + +      Spirit   .   m - +0 leather armour
rPois   ∞          Reflect  .   (no helmet)
rElec   .          Harm     .   (no cloak)
rCorr   .          Rampage  .   (no gloves)
Will    .....                   (no boots)
Stlth   +++++.....              (no amulet)
HPRegen 0.00/turn               (no ring)
MPRegen 0.09/turn               (no ring)

@: bloodless, inhibited regen, invisible
A: bloodless, fangs 3, see invisible, vampiric 1
a: Revivify


You were on level 2 of the Dungeon.
You visited 1 branch of the dungeon, and saw 2 of its levels.

You collected 45 gold pieces.

Inventory:

Hand Weapons
 a - a +1 dagger of freezing (weapon)
Missiles
 o - 5 boomerangs (quivered)
Armour
 m - a +0 leather armour (worn)
Scrolls
 d - a scroll of enchant weapon {unknown}
 j - 2 scrolls of summoning
 l - a scroll of teleportation
Potions
 b - a potion of haste {unknown}
 c - 2 potions of invisibility
 e - 2 potions of brilliance
 k - a potion of ambrosia {unknown}
 n - a potion of curing {unknown}


   Skills:
 + Level 1.1 Short Blades
 * Level 2.3 Dodging
 * Level 5.3 Stealth
 + Level 2.0 Spellcasting
 + Level 4.4 Hexes


You had 5 spell levels left.
You didn't know any spells.
Your spell library contained the following spells:

 Spells                   Type           Power      Damage    Failure   Level
 Confusing Touch          Hex            16%        N/A       14%         3
 Tukima's Dance           Hex            16%        N/A       14%         3
 Ensorcelled Hibernation  Hex/Ice        18%        N/A       19%         2
 Dazzling Flash           Conj/Hex       18%        N/A       34%         3


Dungeon Overview and Level Annotations

Branches:
Dungeon (2/15)

Altars:


Innate Abilities, Weirdness & Mutations

You do not regenerate when monsters are visible.
You are frail without blood (-20% HP).
You can heal yourself when you bite living creatures.
You are immune to poison.
You have razor-sharp teeth.
You have supernaturally acute eyesight. (SInv)
You are afflicted with vampirism.


Message History

You kill the hobgoblin!
You see here a hobgoblin corpse.
d - a scroll labelled IHOSAU LOOHAK A necrophage comes into view.
An adder comes into view.
A worm comes into view.
Okay, then.
Press: ? - help, v - describe, . - travel
Here: a necrophage The floor.
Okay, then.
Okay, then.
Throw: 6 boomerangs
Press: ? - help, Q - select action Shift-Dir - straight line, f - necrophage
Aim: a necrophage (57% to hit)
You throw a boomerang.
The boomerang hits the necrophage but does no damage.
The necrophage hits you.
You hit the necrophage.
The necrophage is lightly damaged.
The necrophage hits you but does no damage.
You barely miss the necrophage.
The necrophage is lightly damaged.
The necrophage hits you.
You hit the necrophage but do no damage.
The necrophage is lightly damaged.
The necrophage barely misses you.
You hit the necrophage.
You bite the necrophage, but do no damage.
The necrophage is lightly damaged.
You hit the necrophage.
The necrophage is moderately damaged.
The necrophage hits you.
You closely miss the necrophage.
The necrophage is moderately damaged.
The necrophage hits you.
* * * LOW HITPOINT WARNING * * *
You fade into invisibility!
The necrophage hits you.
You die...

#...........# #w
#...........# ..
#..†........# #.
#...<.....<.# #.
#...........# #..
#.##.##...######
#..####.##.##...#
....#...#.######
....#...#@#
........#n#
S....#..#.#
...#.#.n#.# ..
#.#..#.# .
#......# #......#
#......#
#........#


You could see a necrophage (unable to see you).

Vanquished Creatures
  A ball python (D:1)
  A bat (D:1)
  4 hobgoblins
  A quokka (D:1)
  2 rats (D:1)
9 creatures vanquished.

Notes
Turn   | Place    | Note
-------+----------+-------------------------------------------
     0 | D:1      | LynnLen the Vampire Enchanter began the quest for the Orb.
     0 | D:1      | Reached XP level 1. HP: 13/13 MP: 3/3
   516 | D:1      | Reached skill level 5 in Stealth
   748 | D:1      | Reached XP level 2. HP: 10/15 MP: 5/5
  1022 | D:2      | Noticed a necrophage
  1048 | D:2      | Slain by a necrophage

Illustrated notes

Levels and vault maps discovered:
D:1:      amcnicky_arrival_single_pillar, layout_loops_cross,
          supply_closet_lemuel
D:2:      layout_basic, uniq_crazy_yiuf_cottage

Skill      XL: |  1 |
---------------+----+-----
Stealth        | 5 |  5.3
Short Blades   | |  1.1
Dodging        | |  2.3
Spellcasting   | |  2.0
Hexes          | |  4.4

Action                   || total
-------------------------++-------
Melee: Dagger            ||    34
       Bite              ||     4
Throw: Boomerang         ||     1
 Abil: Exsanguinate      ||     1
  Use: Scroll            ||     7
       Potion            ||     1
 Stab: Sleeping          ||     3
Armor: Robe              ||     7
       Leather armour    ||     4
Dodge: Dodged            ||    23

Table legend: (Time is in decaauts)
 A = Elapsed time spent in this place.
 B = Non-inter-level travel time spent in this place.
 C = Inter-level travel time spent in this place.
 D = Time resting spent in this place.
 E = Time spent auto-exploring this place.
 F = Levels seen in this place.
 G = Mean time per level.
                   A        B        C        D        E       F      G
               +--------+--------+--------+--------+--------+-----+--------+
         Total |   1046 |   1046 |      0 |    130 |    592 |   2 |  523.0 |
       Dungeon |   1046 |   1046 |      0 |    130 |    592 |   2 |  523.0 |
               +--------+--------+--------+--------+--------+-----+--------+

Top non-repeatable levels by time:
     D:1: 994 daAuts
     D:2: 51 daAuts
